AoeStats
← TW_Jerry YT @TW-aoe2noobs

Arena

507276927Analyzed
4v4 RM · 16d ago on Sep 17, 2026· 20m 45s· 8 players
Game mode
Random Map
Map size
Large (8 player)
Population
200
Speed
Normal
Resources
Standard
Victory
Conquest
Starting age
Dark Age
Ending age
Imperial Age
RankedLock teamsTeams togetherTeam positionsShared explorationLock speedFull tech treeHidden civsTurbo modeCheats
Victory
Defeat
🇹🇼 Bohemians · Taiwan
1732
+10
🇹🇼 Franks · Taiwan
1646
+13
1602
+15
🇹🇼 Vietnamese · Taiwan
1176
+29
🇩🇪 Teutons · Germany
1630
-19
🇨🇳 Koreans · China
1607
-18
🇨🇳 Aztecs · China
1549
-16
🇨🇳 Berbers · China
1505
-14
TW_Jerry YT @TW-aoe2noobs
10:45 Feudal Age
11:46 Double-Bit Axe
11:58 Horse Collar
14:30 Castle Age
15:27 Bow Saw
15:19 Heavy Plow
21:51 Wheelbarrow
椎名真晝我婆
11:16 Feudal Age
14:57 Castle Age
13:46 Double-Bit Axe
13:44 Horse Collar
16:07 Bow Saw
16:37 Wheelbarrow
16:12 Heavy Plow
17:41 Gold Mining
19:07 Fletching
20:18 Bodkin Arrow
游樂比(ULB)
10:18 Feudal Age
10:50 Loom
14:40 Castle Age
13:00 Double-Bit Axe
15:47 Bow Saw
ANKR.Tank20089
10:27 Feudal Age
14:03 Castle Age
11:49 Horse Collar
13:05 Double-Bit Axe
15:02 Bow Saw
18:16 Fervor
21:36 Wheelbarrow
b4ron1
6:37 Loom
6:45 Loom
8:51 Feudal Age
10:13 Double-Bit Axe
14:05 Fletching
Sandwich
11:25 Feudal Age
12:29 Double-Bit Axe
15:32 Castle Age
14:12 Horse Collar
18:18 Bow Saw
20:23 Wheelbarrow
网恋被骗50块
8:13 Loom
11:40 Feudal Age
15:10 Castle Age
13:54 Horse Collar
14:00 Double-Bit Axe
17:14 Bow Saw
大骚刚
11:16 Feudal Age
12:22 Double-Bit Axe
12:19 Horse Collar
15:00 Castle Age
15:55 Bow Saw
16:22 Heavy Plow
20:36 Loom
20:42 Gold Mining
Connection lost

Rejoining the realm…

Still unreachable

The connection could not be restored.

Session expired

The server has moved on; the page needs a fresh start.